 Dungeon Crawl Stone Soup version 0.31.0-32-g396128a36d (webtiles) character file.

Game seed: 15299520217187554922

417 mainiacjoe the Ruffian (level 6, 0/42 HPs)
             Began as an Octopode Fighter on Mar 30, 2024.
             Incinerated by a bombardier beetle (4 damage)
             ... with a burning spray
             ... on level 4 of the Dungeon.
             The game lasted 00:06:25 (4173 turns).

mainiacjoe the Ruffian (Octopode Fighter)           Turns: 4173, Time: 00:06:25

Health: 0/42       AC:  1    Str: 15    XL:     6   Next: 93%
Magic:  6/6        EV: 13    Int: 10    God:
Gold:   260        SH:  5    Dex: 14    Spells: 5/5 levels left

rFire   . .          .
                       - Unarmed
rCold   . . .        a - +0 buckler
rNeg    . . .        (helmet restricted)
rPois   .            g - amulet of magic regeneration
rElec   .            (no ring)
rCorr   .            (no ring)
SInv    .            (no ring)
Will    .....        (no ring)
Stlth   +            (no ring)
HPRegen 0.27/turn    (no ring)
MPRegen 0.50/turn    (no ring)
                     (no ring)

%: no passive effects
@: on fire, glowing
A: almost no armour, amphibious, 8 rings, camouflage 1, gelatinous body 1,
(nimble swimmer 1), tentacles
a: no special abilities


You were on level 4 of the Dungeon.
You visited 1 branch of the dungeon, and saw 4 of its levels.

You collected 260 gold pieces.

Inventory:

Hand Weapons
 b - a +0 sling
 r - a +3 dagger
Missiles
 o - 62 stones
Armour
 a - a +0 buckler (worn)
Magical Staves
 i - a staff of fire
Jewellery
 g - an amulet of magic regeneration (around mantle)
Talismans
 c - a flux talisman
Wands
 t - a wand of flame (32)
Scrolls
 f - a scroll of blinking
 j - 2 scrolls of teleportation
 m - 3 scrolls of vulnerability
 n - 2 scrolls of immolation
 s - a scroll of identify
Potions
 d - 3 potions of curing
 e - 2 potions of invisibility
 h - 2 potions of enlightenment
 k - 4 potions of might
 l - 2 potions of haste {unknown}
 p - 2 potions of heal wounds
 q - 2 potions of attraction
 u - a potion of brilliance {unknown}


   Skills:
 - Level 3.0 Fighting
 - Level 3.0 Dodging
 - Level 5.0 Shields
 * Level 5.9 Unarmed Combat


You had 5 spell levels left.
You didn't know any spells.
Your spell library contained the following spells:

 Spells                   Type           Power      Damage    Failure   Level
 Inner Flame              Hex/Fire       0%         N/A       82%         3
 Tukima's Dance           Hex            0%         N/A       82%         3
 Dimensional Bullseye     Hex/Tloc       0%         N/A       99%         4
 Iskenderun's Mystic Bla  Conj/Tloc      0%         2d3       99%         4
 Irradiate                Conj/Alch      0%         3d11      100%        5
 Ignition                 Fire           0%         3d3       100%        8


Dungeon Overview and Level Annotations

Branches:
Dungeon (4/15)
 Temple: D:4-7

Altars:
Okawaru


Innate Abilities, Weirdness & Mutations

You cannot wear most types of armour.
You are amphibious.
You can wear up to eight rings at the same time.
Your skin changes colour to match your surroundings (Stealth+).
Your rubbery body absorbs attacks. (AC +1, EV +1)
((You are camouflaged when in or above water. (Stealth+)))
You have tentacles for arms and can constrict up to eight enemies at once.


Message History

The ball python constricts you.
Items here: ( ) ††.
You tentacle-slap the bombardier beetle but do no damage.
Your grab misses the bombardier beetle.
The bombardier beetle is almost dead.
The orc barely misses you. You block the ball python's attack.
The ball python constricts you.
The bombardier beetle sprays incendiary fluid at you.
The burning spray hits you.
You are covered in liquid fire!
You tentacle-slap the bombardier beetle but do no damage.
You grab the bombardier beetle.
The bombardier beetle is almost dead.
The liquid fire burns you!
You constrict the bombardier beetle.
You kill the bombardier beetle!
The orc closely misses you.
The ball python bites you but does no damage.
The ball python constricts you.
Training target 5.0 for Shields reached!
Your Shields skill increases to level 5!
You escape the ball python's grasp.
You shake off some of the fire as you move.
The liquid fire burns you!
* * * LOW HITPOINT WARNING * * *
The orc hits you with a +0 hand axe.
* * * LOW HITPOINT WARNING * * *
The ball python attacks as it pursues you!
The ball python misses you. The ball python grabs you.
The ball python constricts you.
* * * LOW HITPOINT WARNING * * *
You escape the ball python's grasp.
You shake off some of the fire as you move.
The liquid fire burns you!
* * * LOW HITPOINT WARNING * * *
The orc closely misses you.
You bludgeon the orc!
You kill the orc!
The liquid fire burns you!
You die...

.####...###........####.###.####
.###.....##...#......##.# #.#
.##.......#...##.....##.# #.#
.##.......'...##......#.# #.#
..#?......#...####......# #.#
####[....##...# #######.# #.#
#####..)###...###$..###.# #.#
..####### #...##.....##.# #.#
#......####...#.@.....#.# #.#
###......##...'.).....#.# #.# #
##.....##...#.S.....#.###.##### #
#......#...##.....##..........
######........###...######..####.
..# ########## ##########.## #.
#.# #########.....# #. #.#
#...........### #. #.#
#...........# #.


You could see a ball python.

Vanquished Creatures
  An ogre (D:4)
  A scorpion (D:4)
  A howler monkey (D:4)
  A bombardier beetle (D:4)
  Jessica (D:3)
  An iguana (D:4)
  Robin (D:4)
  3 adders
  A ribbon worm (D:2)
  2 dart slugs
  7 orcs
  6 endoplasms
  2 giant cockroaches (D:2)
  12 hobgoblins
  5 jackals (D:2)
  3 quokkas
  8 ball pythons
  7 bats
  4 frilled lizards
  19 goblins
  8 kobolds
  6 rats
100 creatures vanquished.

Notes
Turn   | Place    | Note
-------+----------+-------------------------------------------
     0 | D:1      | mainiacjoe the Octopode Fighter began the quest for the
                  | Orb.
     0 | D:1      | Reached XP level 1. HP: 16/16 MP: 1/1
   188 | D:1      | Reached XP level 2. HP: 21/21 MP: 2/2
   779 | D:1      | Reached XP level 3. HP: 23/26 MP: 3/3
  1340 | D:2      | Reached XP level 4. HP: 31/31 MP: 4/4
  2119 | D:3      | Noticed Jessica
  2129 | D:3      | Killed Jessica
  2328 | D:3      | Reached XP level 5. HP: 24/36 MP: 5/5
  3073 | D:4      | Reached skill level 5 in Unarmed Combat
  3202 | D:4      | Noticed an ogre
  3220 | D:4      | Killed an ogre
  3221 | D:4      | Reached XP level 6. HP: 15/42 MP: 6/6
  3400 | D:4      | Noticed Robin
  3696 | D:4      | Killed Robin
  3835 | D:4      | Found an iron altar of Okawaru.
  4171 | D:4      | Reached skill level 5 in Shields
  4173 | D:4      | Incinerated by a bombardier beetle

Illustrated notes

Levels and vault maps discovered:
D:1:      dpeg_arrival_shelter, layout_loops_corners
D:2:      minmay_wonky_spiral, layout_basic, serial_rivers,
          chequers_serial_rivers_marsh, chequers_serial_rivers_small_b,
          chequers_serial_rivers_small_a, chequers_serial_rivers_micro_c,
          chequers_serial_rivers_large_b, chequers_serial_rivers_micro_b,
          kennysheep_generic_room_8
D:3:      layout_basic, kennysheep_generic_room_11, uniq_jessica
D:4:      minmay_opposing_rooms, layout_basic, okawaru_altar_gauntlet_db,
          uniq_robin

Skill      XL: |  1  2  3  4  5  6 |
---------------+-------------------+-----
Unarmed Combat | 3 4 5 |  5.9
Shields        | 4 5 |  5.0
Fighting       | |  3.0
Dodging        | |  3.0

Action                     |  1- 3 |  4- 6 || total
---------------------------+-------+-------++-------
  Melee: Unarmed           |    84 |   100 ||   184
         Constrict         |    18 |    29 ||    47
         Tentacles         |    10 |    26 ||    36
         Punch             |     2 |     4 ||     6
   Fire: Sling             |    16 |    66 ||    82
  Throw: Stone             |       |     1 ||     1
    Use: Scroll            |     7 |     5 ||    12
   Stab: Sleeping          |     7 |     1 ||     8
 Armour: Skin              |    34 |    63 ||    97
  Dodge: Dodged            |    49 |    81 ||   130
  Block: Buckler           |    15 |    25 ||    40
